 Dungeon Crawl Stone Soup version 0.31.0-12-g77e489cdc1 (webtiles) character file.

Game seed: 11299274097585336070

1213 spaghetti the Shooter (level 8, -7/51 (54) HPs)
             Began as a Demonspawn Hexslinger on Feb 17, 2024.
             Was a Believer of Kikubaaqudgha.
             Mangled by a hornet (13 damage)
             ... on level 6 of the Dungeon.
             The game lasted 00:09:33 (5342 turns).

spaghetti the Shooter (Demonspawn Hexslinger)       Turns: 5342, Time: 00:09:33

HP:   -7/51 (54)    AC:  3    Str:  8    XL:     8   Next: 22%
MP:   1/15          EV: 12    Int: 15    God:    Kikubaaqudgha [**....]
Gold: 393           SH:  0    Dex: 17    Spells: 4/16 levels left

rFire   . . .        b - +3 whip (pain)
rCold   . . .        (no shield)
rNeg    . . .        c - +1 robe
rPois   .            (helmet restricted)
rElec   .            (no cloak)
rCorr   .            (no gloves)
SInv    .            (no boots)
Will    .....        f - amulet of the acrobat
Stlth   ++           (no ring)
HPRegen 0.28/turn    (no ring)
MPRegen 0.14/turn

%: acrobat
@: lethally poisoned (-7 -> -10), animating dead, drained
A: claws 1, hooves 1, horns 1, demonic guardian 2, spiny 1
a: Renounce Religion, Unearth Wretches


You were on level 6 of the Dungeon.
You worshipped Kikubaaqudgha.
Kikubaaqudgha was pleased with you.
You visited 1 branch of the dungeon, and saw 7 of its levels.

You collected 393 gold pieces.

Inventory:

Hand Weapons
 a - a +1 sling
 b - a +3 whip of pain (weapon)
 e - a +2 dagger of pain
 k - a +0 dagger
Armour
 c - a +1 robe (worn)
 p - a +2 helmet
Magical Staves
 q - a staff of alchemy
Jewellery
 f - an amulet of the acrobat (around neck)
 m - a ring of positive energy
Wands
 l - a wand of mindburst (28)
 o - a wand of paralysis (11)
 t - a wand of roots (11)
Scrolls
 g - 2 scrolls of vulnerability
 i - a scroll of fog
 v - 3 scrolls of immolation
 w - 3 scrolls of poison
Potions
 d - 2 potions of resistance
 h - a potion of might
 j - a potion of haste
 n - 2 potions of lignification
 s - a potion of heal wounds
 u - a potion of mutation {unknown}


   Skills:
 + Level 1.3 Fighting
 + Level 6.1 Ranged Weapons
 - Level 1.7 Dodging
 + Level 4.6 Spellcasting
 - Level 3.0 Hexes
 + Level 0.6 Summonings
 + Level 5.4 Necromancy
 - Level 0.8 Fire Magic


You had 4 spell levels left.
You knew the following spells:

 Your Spells              Type           Power      Damage    Failure   Level
a - Jinxbite              Hex            24%        N/A       8%          2
b - Animate Dead          Necr           19%        N/A       19%         4
c - Cigotuvi's Dreadful   Necr/Alch/Air  16%        N/A       12%         2
d - Martyr's Knell        Necr/Summ      12%        N/A       43%         4

Your spell library contained the following spells:

 Spells                   Type           Power      Damage    Failure   Level
 Necrotise                Necr           76%        1d7       1%          1
 Slow                     Hex            48%        N/A       4%          1
 Kiss of Death            Conj/Necr      44%        2d8       5%          1
 Vampiric Draining        Necr           19%        2d7       5%          3
 Confusing Touch          Hex            12%        N/A       14%         3
 Sigil of Binding         Hex            12%        N/A       14%         3
 Apportation              Tloc           6%         N/A       17%         1
 Inner Flame              Hex/Fire       9%         N/A       22%         3
 Cause Fear               Hex            6%         N/A       43%         4
 Gell's Gravitas          Tloc           3%         N/A       45%         3
 Teleport Other           Tloc           3%         N/A       45%         3
 Dimensional Bullseye     Hex/Tloc       3%         N/A       67%         4
 Curse of Agony           Necr           19%        N/A       45%         5
 Alistair's Intoxication  Alch           2%         N/A       99%         5
 Dispersal                Tloc           1%         N/A       100%        6


Dungeon Overview and Level Annotations

Branches:
Dungeon (7/15)             Temple (0/1) D:6

Altars:
Ashenzari
Fedhas
Kikubaaqudgha
Sif Muna
Xom

Annotations:
D:4 1 exclusion


Innate Abilities, Weirdness & Mutations

You have sharp fingernails.
You have large cloven feet.
You have a pair of small horns on your head.
A demonic guardian rushes to your aid.
You are partially covered in sharp spines.


Message History

The hornet misses you. The nameless horror closely misses you.
The hornet misses you.
Unknown command.
You feel yourself speed up.
The nameless horror is struck by your spines.
The nameless horror closely misses you.
Unknown command.
Unknown command.
Unknown command.
Casting: Cigotuvi's Dreadful Rot (safe; 12% risk of failure)
Confirm with . or Enter, or press ? or * to list all spells.
You don't have enough magic to cast this spell.
Unknown command.
The hornet completely misses you. The hornet stings you.
You suddenly lose the ability to move!
The hornet stings you!
You shrug off the repeated paralysis!
You can move again.
The hornet closely misses you.
There is a stone staircase leading up here.
The hornet stings you!
* * * LOW HITPOINT WARNING * * *
A demonic guardian appears!
You are poisoned.
You feel yourself slow down.
Send 'em back where they came from!
Your orange demon shudders.
You climb upwards.
You feel yourself speed up.
* * * LOW HITPOINT WARNING * * *
You feel very sick.
Your magical contamination has completely faded away.
There is a stone staircase leading down here.
Unknown command.
Unknown command.
Aiming: Mindburst
Press: ? - help, Shift-Dir - straight line, f - hornet
Aim: a hornet (lightly wounded, chance to affect: 55%)
The hornet resists with significant effort.
You feel sick. The hornet is struck by your spines. The hornet stings you!
You die...
Kikubaaqudgha rasps: "You have failed me!
Welcome... death!"

### ..# ..# #######
..# #.....#
..#####.#...##
..........<..######
..#...#...........#
.)..............@y#
...........#.#...X###
.#....#.........)...#
.#.##........#.#.##.#
...##..........#.##.#
#########.#.####)####
#.........# #.#
#.........# #.#
#.........# #.#


You could see a nameless horror and a hornet.

Vanquished Creatures
  A sky beast (D:3)
  2 ice beasts (D:6)
  3 scorpions
  3 hounds
  2 orc priests
  A jelly (D:4)
  A gnoll bouda (D:6)
  An orc wizard (D:4)
  5 gnolls (D:6)
  6 adders
  3 shadow imps (D:6)
  2 white imps (D:6)
  4 dart slugs
  2 ribbon worms (D:2)
  8 orcs
  4 ball pythons
  7 endoplasms
  3 giant cockroaches
  11 goblins
  5 hobgoblins
  4 quokkas
  5 bats
  A frilled lizard (D:2)
  7 kobolds
  4 rats
95 creatures vanquished.

Vanquished Creatures (collateral kills)
  An ice beast (D:5)
  A sky beast (D:4)
  An orc priest (D:4)
  An orc wizard (D:4)
  3 gnolls
  An adder (D:3)
  An orc (D:4)
9 creatures vanquished.

Grand Total: 104 creatures vanquished

Notes
Turn   | Place    | Note
-------+----------+-------------------------------------------
     0 | D:1      | spaghetti the Demonspawn Hexslinger began the quest for the
                  | Orb.
     0 | D:1      | Reached XP level 1. HP: 15/15 MP: 2/2
    14 | D:1      | Reached skill level 2 in Ranged Weapons
   111 | D:1      | Discovered your monstrous ancestry.
   111 | D:1      | Gained mutation: You have large cloven feet. [demonic
                  | ancestry]
   111 | D:1      | Reached XP level 2. HP: 18/21 MP: 3/3
   235 | D:1      | Reached skill level 3 in Ranged Weapons
   439 | D:1      | Gained mutation: A weak demonic guardian rushes to your
                  | aid. [demonic ancestry]
   439 | D:1      | Reached XP level 3. HP: 26/26 MP: 4/4
   447 | D:1      | Learned a level 2 spell: Jinxbite
   958 | D:2      | Found a faded altar of an unknown god.
  1101 | D:2      | Prayed at the altar of an unknown god.
  1101 | D:2      | Became a worshipper of Kikubaaqudgha
  1101 | D:2      | Reached * piety under Kikubaaqudgha
  1101 | D:2      | Received a gift from Kikubaaqudgha
  1497 | D:3      | Gained mutation: You are partially covered in sharp spines.
                  | [demonic ancestry]
  1497 | D:3      | Reached XP level 4. HP: 31/32 MP: 5/5
  1589 | D:3      | Reached skill level 4 in Ranged Weapons
  1771 | D:3      | Reached skill level 1 in Necromancy
  1833 | D:3      | Noticed a sky beast
  1840 | D:3      | Killed a sky beast
  1841 | D:3      | Reached XP level 5. HP: 31/37 MP: 4/8
  2442 | D:4      | Learned a level 4 spell: Animate Dead
  2461 | D:4      | Noticed a sky beast
  2475 | D:4      | Killed a sky beast
  2476 | D:4      | Gained mutation: A demonic guardian rushes to your aid.
                  | [demonic ancestry]
  2476 | D:4      | Reached XP level 6. HP: 27/43 MP: 6/10
  2573 | D:4      | Reached ** piety under Kikubaaqudgha
  2714 | D:4      | Reached skill level 5 in Ranged Weapons
  2753 | D:4      | Gained mutation: You have a pair of small horns on your
                  | head. [demonic ancestry]
  2753 | D:4      | Reached XP level 7. HP: 28/48 MP: 11/11
  2890 | D:4      | Found a shimmering altar of Xom.
  3093 | D:4      | Found a blossoming altar of Fedhas.
  3097 | D:4      | Found a shimmering blue altar of Sif Muna.
  3350 | D:5      | Entered Level 5 of the Dungeon
  3922 | D:5      | Found a broken altar of Ashenzari.
  4396 | D:6      | Learned a level 2 spell: Cigotuvi's Dreadful Rot
  4438 | D:6      | Found a staircase to the Ecumenical Temple.
  4738 | D:6      | Reached skill level 5 in Necromancy
  4738 | D:6      | Gained mutation: You have sharp fingernails. [demonic
                  | ancestry]
  4738 | D:6      | Reached XP level 8. HP: 53/54 MP: 12/14
  4760 | D:6      | Reached skill level 6 in Ranged Weapons
  4891 | D:6      | Learned a level 4 spell: Martyr's Knell
  5325 | D:7      | Noticed a hornet
  5337 | D:7      | Paralysed by a hornet for 2 turns
  5342 | D:6      | Mangled by a hornet

Illustrated notes

Levels and vault maps discovered:
D:1:      elethiomel_arrival_quiet, layout_rooms, minmay_pentomino_t4
D:2:      layout_rooms, ebering_ecumenical_altar_sacrificial,
          minmay_statues_item
D:3:      layout_basic
D:4:      layout_cave_pools, old_standard_altar, led_sif_book,
          mainiacjoe_overflow_six_doors_small
D:5:      layout_loops_ring, mainiacjoe_overflow_24_doors
D:6:      layout_basic, minmay_temple_entry_wispy
D:7:      minmay_thick_lines, layout_cave_pods

Skill      XL: |  1  2  3  4  5  6  7  8 |
---------------+-------------------------+-----
Ranged Weapons | 2 3 4 5 6 |  6.1
Necromancy     | 2 3 5 |  5.4
Spellcasting   | 2 3 4 |  4.6
Fighting       | |  1.3
Dodging        | |  1.7
Hexes          | |  3.0
Summonings     | |  0.6
Fire Magic     | |  0.8

Action                     |  1- 3 |  4- 6 |  7- 9 || total
---------------------------+-------+-------+-------++-------
  Melee: Whip              |       |       |     4 ||     4
         Kick              |       |       |     2 ||     2
         Headbutt          |       |       |     1 ||     1
   Fire: Sling             |   130 |    89 |   142 ||   361
   Cast: Jinxbite          |     8 |    12 |     8 ||    28
         Cigotuvi's Dreadf |       |       |     3 ||     3
         Animate Dead      |       |       |     2 ||     2
         Martyr's Knell    |       |       |     3 ||     3
  Evoke: Wand              |       |       |     2 ||     2
    Use: Potion            |     2 |     3 |     1 ||     6
         Scroll            |       |     4 |     5 ||     9
 Armour: Robe              |    32 |    27 |    59 ||   118
  Dodge: Dodged            |    28 |    29 |    56 ||   113
